AAA EAST
ROCHESTER RED WINGS @ DURHAM BULLS
04/19/2042
 
TOP OF THE 1ST
Rochester Red Wings batting - Pitching for Durham Bulls : RHP Pat Jones
Pitching: RHP Pat Jones
Batting: LHB Dwayne Charles 0-0: Ball
1-0: Ball
2-0: Called Strike
2-1: Called Strike
2-2: SINGLE (Line Drive, 8LS, EV 89.4 MPH)
Batting: RHB Artie Miller 0-0: Called Strike
0-1: Fly out, F4 (Popup, 4MD, EV 61.3 MPH)
Batting: SHB Bernardo Reyes 0-0: Ball
1-0: Swinging Strike
1-1: Foul Ball, location: 7LDF
1-2: Fielders Choice at 2nd, 3-6 (Groundball, 3, EV 90.6 MPH)
Batting: LHB Bobby Flowers 0-0: Swinging Strike
0-1: Ball
1-1: Ground out 4-3 (Groundball, 13, EV 83.1 MPH)
Top of the 1st over - 0 runs, 1 hit, 0 errors, 1 left on base; Rochester 0 - Durham 0
BOTTOM OF THE 1ST
Durham Bulls batting - Pitching for Rochester Red Wings : LHP Albert Correa
Pitching: LHP Albert Correa
Batting: RHB Willie McCullough 0-0: Ball
1-0: Fly out, F8 (Flyball, 8RD, EV 79.4 MPH)
Batting: RHB Lou González 0-0: Ball
1-0: Ball
2-0: Foul Ball, location: 23F
2-1: Ball
3-1: Fly out, F9 (Line Drive, 9S, EV 92.5 MPH)
Batting: LHB Don Bailey 0-0: Called Strike
0-1: Ground out 6-3 (Groundball, 6M, EV 79.4 MPH)
Bottom of the 1st over - 0 runs, 0 hits, 0 errors, 0 left on base; Rochester 0 - Durham 0
TOP OF THE 2ND
Rochester Red Wings batting - Pitching for Durham Bulls : RHP Pat Jones
Batting: RHB Jorge Portillo 0-0: Swinging Strike
0-1: Foul Ball, location: 5F
0-2: Ball
1-2: Fly out, F5 (Popup, 5D, EV 55.6 MPH)
Batting: LHB Adrián Rocha 0-0: Single, Error in OF, E9, batter to second base (Groundball, 34D, EV 96.9 MPH)
Batting: SHB Juan Trevino 0-0: Foul Ball, location: 2LF
0-1: Swinging Strike
0-2: Foul Ball, location: 25F
0-2: Ground out 6-3 (Groundball, 6, EV 90.0 MPH)
Batting: RHB Jake Johnson 0-0: Foul Ball, location: 5FF
0-1: DOUBLE (Line Drive, 5D, EV 95.0 MPH)
Adrián Rocha scores
Batting: RHB Amelio González 0-0: Ball
1-0: Ball
2-0: Swinging Strike
2-1: Fly out, F8 (Flyball, 8LD, EV 101.9 MPH)
Top of the 2nd over - 1 run, 2 hits, 1 error, 1 left on base; Rochester 1 - Durham 0
BOTTOM OF THE 2ND
Durham Bulls batting - Pitching for Rochester Red Wings : LHP Albert Correa
Batting: LHB Ron Johns 0-0: Called Strike
0-1: Ball
1-1: Foul Ball, location: 23FF
1-2: Ball
2-2: Ball
3-2: Ground out 6-3 (Groundball, 6M, EV 103.1 MPH)
Batting: LHB Jon Moore 0-0: Ball
1-0: Ground out 4-3 (Groundball, 4, EV 106.9 MPH)
Batting: RHB Chris Adams 0-0: Called Strike
0-1: Called Strike
0-2: Foul Ball, location: 9LDF
0-2: Strikes out swinging
Bottom of the 2nd over - 0 runs, 0 hits, 0 errors, 0 left on base; Rochester 1 - Durham 0
TOP OF THE 3RD
Rochester Red Wings batting - Pitching for Durham Bulls : RHP Pat Jones
Batting: LHB Dwayne Charles 0-0: Called Strike
0-1: Foul Ball, location: 25F
0-2: Ball
1-2: Foul Ball, location: 2LF
1-2: Ground out 4-3 (Groundball, 4M, EV 107.5 MPH)
Batting: RHB Artie Miller 0-0: Ball
1-0: Swinging Strike
1-1: Ground out 3-1 (Groundball, 34, EV 80.6 MPH)
Batting: SHB Bernardo Reyes 0-0: Swinging Strike
0-1: Ball
1-1: Called Strike
1-2: Ball
2-2: SOLO HOME RUN (Flyball, 9D, EV 95.0 MPH), Distance : 358 ft
Batting: LHB Bobby Flowers 0-0: Called Strike
0-1: Ball
1-1: Ground out 4-3 (Groundball, 4, EV 108.1 MPH)
Top of the 3rd over - 1 run, 1 hit, 0 errors, 0 left on base; Rochester 2 - Durham 0
BOTTOM OF THE 3RD
Durham Bulls batting - Pitching for Rochester Red Wings : LHP Albert Correa
Batting: RHB Cristián Baudillo 0-0: Fly out, F4 (Flyball, 4MD, EV 88.8 MPH)
Batting: SHB Walt Howell 0-0: Ball
1-0: Called Strike
1-1: Foul Ball, location: 23F
1-2: Ball
2-2: Ground out 6-3 (Groundball, 6MS, EV 86.3 MPH)
Batting: RHB Tony Rincón 0-0: Ball
1-0: Foul Ball, location: 5FF
1-1: Swinging Strike
1-2: Ball
2-2: Fly out, F8 (Flyball, 78S, EV 92.5 MPH)
Bottom of the 3rd over - 0 runs, 0 hits, 0 errors, 0 left on base; Rochester 2 - Durham 0
TOP OF THE 4TH
Rochester Red Wings batting - Pitching for Durham Bulls : RHP Pat Jones
Batting: RHB Jorge Portillo 0-0: Swinging Strike
0-1: Ball
1-1: Called Strike
1-2: Ball
2-2: Ball
3-2: Ground out 6-3 (Groundball, 6, EV 86.3 MPH)
Batting: LHB Adrián Rocha 0-0: Foul Ball, location: 2F
0-1: SOLO HOME RUN (Flyball, 9D, EV 95.6 MPH), Distance : 361 ft
Batting: SHB Juan Trevino 0-0: Fly out, F5 (Flyball, 56D, EV 86.9 MPH)
Batting: RHB Jake Johnson 0-0: Ball
1-0: Ball
2-0: Foul Ball, location: 2F
2-1: Called Strike
2-2: Ball
3-2: Foul Ball, location: 2F
3-2: Foul Ball, location: 3F
3-2: Foul Ball, location: 2F
3-2: Foul Ball, location: 2F
3-2: Strikes out swinging
Top of the 4th over - 1 run, 1 hit, 0 errors, 0 left on base; Rochester 3 - Durham 0
BOTTOM OF THE 4TH
Durham Bulls batting - Pitching for Rochester Red Wings : LHP Albert Correa
Batting: RHB Willie McCullough 0-0: Foul Ball, location: 5DF
0-1: Foul Ball, location: 2F
0-2: Strikes out swinging
Batting: RHB Lou González 0-0: Ball
1-0: Called Strike
1-1: Ground out 4-3 (Groundball, P, EV 93.1 MPH)
Batting: LHB Don Bailey 0-0: Foul Ball, location: 2F
0-1: Foul Ball, location: 7LMF
0-2: Ball
1-2: Ball
2-2: Foul Ball, location: 7LSF
2-2: Fly out, F6 (Popup, 6D, EV 48.8 MPH)
Bottom of the 4th over - 0 runs, 0 hits, 0 errors, 0 left on base; Rochester 3 - Durham 0
TOP OF THE 5TH
Rochester Red Wings batting - Pitching for Durham Bulls : RHP Pat Jones
Batting: RHB Amelio González 0-0: Called Strike
0-1: Ball
1-1: Fly out, F8 (Flyball, 8LS, EV 92.5 MPH)
Batting: LHB Dwayne Charles 0-0: Foul Ball, location: 25F
0-1: Ball
1-1: Ball
2-1: Ball
3-1: Called Strike
3-2: DOUBLE (Line Drive, 89D, EV 110.6 MPH)
Batting: RHB Artie Miller 0-0: Called Strike
0-1: Foul Ball, location: 9LDF
0-2: Ball
1-2: Ball
2-2: Strikes out swinging
Batting: SHB Bernardo Reyes 0-0: Called Strike
Dwayne Charles is caught stealing 3rd base 2-5
Top of the 5th over - 0 runs, 1 hit, 0 errors, 0 left on base; Rochester 3 - Durham 0
BOTTOM OF THE 5TH
Durham Bulls batting - Pitching for Rochester Red Wings : LHP Albert Correa
Batting: LHB Ron Johns 0-0: Swinging Strike
0-1: Ball
1-1: Ball
2-1: Called Strike
2-2: DOUBLE (Line Drive, 78D, EV 101.9 MPH)
Batting: LHB Jon Moore 0-0: Foul Ball, location: 23F
0-1: Foul Ball, location: 2F
0-2: Strikes out looking
Batting: RHB Chris Adams 0-0: Ball
1-0: Foul Ball, location: 3F
1-1: Called Strike
1-2: Fly out, F9 (Flyball, 9, EV 81.9 MPH)
Batting: RHB Cristián Baudillo 0-0: Called Strike
0-1: Ball
1-1: Foul Ball, location: 2RF
1-2: Fly out, F7 (Flyball, 7, EV 91.3 MPH)
Bottom of the 5th over - 0 runs, 1 hit, 0 errors, 1 left on base; Rochester 3 - Durham 0
TOP OF THE 6TH
Rochester Red Wings batting - Pitching for Durham Bulls : RHP Pat Jones
Batting: SHB Bernardo Reyes 0-0: Ball
1-0: Called Strike
1-1: Ground out 1-3 (Groundball, 13S, EV 62.5 MPH)
Batting: LHB Bobby Flowers 0-0: Swinging Strike
0-1: Foul Ball, location: 9LMFF
0-2: Ball
1-2: Fly out, F9 (Line Drive, 9, EV 104.4 MPH)
Batting: RHB Jorge Portillo 0-0: Ball
1-0: Fly out, F7 (Line Drive, 78M, EV 100.0 MPH)
Top of the 6th over - 0 runs, 0 hits, 0 errors, 0 left on base; Rochester 3 - Durham 0
BOTTOM OF THE 6TH
Durham Bulls batting - Pitching for Rochester Red Wings : LHP Albert Correa
Batting: SHB Walt Howell 0-0: Ball
1-0: Called Strike
1-1: Swinging Strike
1-2: Ball
2-2: Ground out 5-3 (Groundball, 56, EV 82.5 MPH)
Batting: RHB Tony Rincón 0-0: Ball
1-0: Foul Ball, location: 5F
1-1: Ball
2-1: Swinging Strike
2-2: Ground out 6-3 (Groundball, 6, EV 82.5 MPH)
Batting: RHB Willie McCullough 0-0: Ground out 6-3 (Groundball, 6, EV 86.3 MPH)
Bottom of the 6th over - 0 runs, 0 hits, 0 errors, 0 left on base; Rochester 3 - Durham 0
TOP OF THE 7TH
Rochester Red Wings batting - Pitching for Durham Bulls : RHP Pat Jones
Batting: LHB Adrián Rocha 0-0: Called Strike
0-1: SOLO HOME RUN (Flyball, 9D, EV 97.5 MPH), Distance : 378 ft
Batting: SHB Juan Trevino 0-0: Ball
1-0: Called Strike
1-1: Foul Ball, location: 5FF
1-2: Ball
2-2: Foul Ball, location: 2F
2-2: Fly out, F7 (Flyball, 78M, EV 91.9 MPH)
Batting: RHB Jake Johnson 0-0: SINGLE (Line Drive, 7S, EV 98.1 MPH)
Batting: RHB Amelio González 0-0: Called Strike
0-1: Foul Ball, location: 2F
0-2: Ball
1-2: Ball
2-2: Strikes out swinging
Pitching: RHP Albert Pérez
Batting: LHB Dwayne Charles 0-0: Called Strike
0-1: Ball
1-1: SINGLE (Line Drive, 3D, EV 105.6 MPH)
Jake Johnson to second
Batting: RHB Artie Miller 0-0: Called Strike
0-1: SINGLE (Line Drive, 89M, EV 106.3 MPH)
Jake Johnson to third
Dwayne Charles to second
Runner from 3rd tries for Home, SAFE, throw by RF to home
Batting: SHB Bernardo Reyes 0-0: SINGLE (Line Drive, 78S, EV 87.5 MPH)
Dwayne Charles to third
Artie Miller to second
Runner from 3rd tries for Home, SAFE, throw by LF to home
Batting: LHB Bobby Flowers 0-0: Swinging Strike
0-1: Foul Ball, location: 5F
0-2: Strikes out swinging
Top of the 7th over - 3 runs, 5 hits, 0 errors, 2 left on base; Rochester 6 - Durham 0
BOTTOM OF THE 7TH
Durham Bulls batting - Pitching for Rochester Red Wings : LHP Albert Correa
Batting: RHB Lou González 0-0: Ball
1-0: Ball
2-0: Ball
3-0: Called Strike
3-1: Fly out, F3 (Popup, 23F, EV 87.5 MPH)
Batting: LHB Don Bailey 0-0: Ball
1-0: SINGLE (Line Drive, 89S, EV 110.6 MPH)
Batting: LHB Ron Johns 0-0: Ground out 6-3 (Groundball, 6S, EV 72.5 MPH)
Don Bailey to second
Batting: LHB Jon Moore 0-0: Ball
1-0: Ball
2-0: Foul Ball, location: 2F
2-1: Foul Ball, location: 3FF
2-2: Foul Ball, location: 2F
2-2: Ball
3-2: Fly out, F7 (Flyball, 7, EV 97.5 MPH)
Bottom of the 7th over - 0 runs, 1 hit, 0 errors, 1 left on base; Rochester 6 - Durham 0
TOP OF THE 8TH
Rochester Red Wings batting - Pitching for Durham Bulls : RHP Albert Pérez
Batting: RHB Jorge Portillo 0-0: Ground out 5-3 (Groundball, 5L, EV 101.9 MPH)
Batting: LHB Adrián Rocha 0-0: Ball
1-0: Swinging Strike
1-1: Swinging Strike
1-2: Foul Ball, location: 3F
1-2: Strikes out swinging
Batting: SHB Juan Trevino 0-0: Ball
1-0: Called Strike
1-1: Foul Ball, location: 3F
1-2: Ball
2-2: Strikes out swinging
Top of the 8th over - 0 runs, 0 hits, 0 errors, 0 left on base; Rochester 6 - Durham 0
BOTTOM OF THE 8TH
Durham Bulls batting - Pitching for Rochester Red Wings : LHP Albert Correa
Batting: RHB Chris Adams 0-0: Called Strike
0-1: Foul Ball, location: 2F
0-2: Strikes out looking
Batting: RHB Cristián Baudillo 0-0: Ball
1-0: Ball
2-0: Called Strike
2-1: Swinging Strike
2-2: Ball
3-2: Foul Ball, location: 25F
3-2: Foul Ball, location: 3F
3-2: Foul Ball, location: 2F
3-2: Base on Balls
Batting: SHB Walt Howell 0-0: Foul Ball, location: 25F
0-1: Ball
1-1: Swinging Strike
1-2: Strikes out swinging
Batting: RHB Tony Rincón 0-0: Ball
1-0: Fielders Choice at 2nd, 6-4 (Groundball, 6, EV 83.8 MPH)
Bottom of the 8th over - 0 runs, 0 hits, 0 errors, 1 left on base; Rochester 6 - Durham 0
TOP OF THE 9TH
Rochester Red Wings batting - Pitching for Durham Bulls : RHP Albert Pérez
Batting: RHB Jake Johnson 0-0: Called Strike
0-1: Called Strike
0-2: Strikes out looking
Batting: RHB Amelio González 0-0: Called Strike
0-1: Called Strike
0-2: Fly out, F5 (Popup, 5SF, EV 78.1 MPH)
Batting: LHB Dwayne Charles 0-0: Ball
1-0: Called Strike
1-1: Foul Ball, location: 23F
1-2: Strikes out looking
Top of the 9th over - 0 runs, 0 hits, 0 errors, 0 left on base; Rochester 6 - Durham 0
BOTTOM OF THE 9TH
Durham Bulls batting - Pitching for Rochester Red Wings : LHP Albert Correa
Pitching: RHP Artie Boucher
Batting: RHB Willie McCullough 0-0: SINGLE (Line Drive, 4MD, EV 96.3 MPH)
Pinch Hitting: LHB Heriberto Mellane 0-0: Ball
1-0: Ball
2-0: Ball
3-0: Base on Balls
Willie McCullough to second
Batting: LHB Don Bailey 0-0: Called Strike
0-1: Called Strike
0-2: Ball
1-2: Fly out, F7 (Flyball, 7S, EV 90.0 MPH)
Batting: LHB Ron Johns 0-0: Ball
1-0: DOUBLE (Flyball, 78D, EV 101.9 MPH)
Willie McCullough scores
Heriberto Mellane to third
Batting: LHB Jon Moore 0-0: Called Strike
0-1: Swinging Strike
0-2: Strikes out swinging
Pinch Hitting: LHB Joe Buchanan 0-0: Foul Ball, location: 2F
0-1: Called Strike
0-2: Foul Ball, location: 2F
0-2: Ball
1-2: 3-RUN HOME RUN (Flyball, 9LD, EV 93.1 MPH), Distance : 340 ft
Pitching: LHP Leonardo Madrigal
Now at 1B: Robinson Pérez
Now in LF: Joe Ward
Batting: RHB Cristián Baudillo 0-0: Ball
1-0: Ground out 6-3 (Groundball, 6, EV 106.3 MPH)
Bottom of the 9th over - 4 runs, 3 hits, 0 errors, 0 left on base; Rochester 6 - Durham 4
Friday, May 3rd , 2024 - OOTP Baseball 24.10 Build 82